 Dungeon Crawl Stone Soup version 0.27.1-2-g3b301248ec (webtiles) character file.

Game seed: 13227059044616977016

962 Borgoz the Ducker (level 7, 0/55 HPs)
             Began as a Demonspawn Gladiator on Sept 28, 2021.
             Was an Initiate of Okawaru.
             Slain by Pikel (2 damage)
             ... on level 7 of the Dungeon.
             The game lasted 00:05:57 (6674 turns).

Borgoz the Ducker (Demonspawn Gladiator)            Turns: 6674, Time: 00:05:58

Health: 0/55       AC: 10    Str: 14    XL:     7   Next: 92%
Magic:  7/7        EV: 11    Int:  9    God:    Okawaru [......]
Gold:   189        SH:  5    Dex: 17    Spells: 6/6 levels left

rFire    . . .     SeeInvis .   a - +0 long sword
rCold    . . .     Faith    .   j - +0 buckler
rNeg     . . .     Spirit   .   q - +0 scale mail
rPois    .         Reflect  .   c - +0 helmet
rElec    .         Harm     .   (no cloak)
rCorr    .         Rampage  .   i - +0 pair of gloves
Will     .....                  (no boots)
Stlth    ..........             (no amulet)
HPRegen  0.18/turn              (no ring)
MPRegen  0.10/turn              (no ring)

@: brilliant
A: talons 1, thin metallic scales 1, powered by death 2
a: Renounce Religion


You were on level 7 of the Dungeon.
You worshipped Okawaru.
Okawaru was noncommittal.
You visited 2 branches of the dungeon, and saw 8 of its levels.

You collected 189 gold pieces.

Inventory:

Hand Weapons
 a - a +0 long sword (weapon)
Armour
 c - a +0 helmet (worn)
 i - a +0 pair of gloves (worn)
 j - a +0 buckler (worn)
 q - a +0 scale mail (worn)
Wands
 s - a wand of digging (4)
 w - a wand of mindburst (8)
 x - a wand of polymorph (11)
 y - a wand of iceblast (6)
Scrolls
 f - a scroll of acquirement {unknown}
 h - 2 scrolls of enchant weapon {unknown}
 k - 2 scrolls of identify {unknown}
 l - a scroll of amnesia {unknown}
 m - a scroll of enchant armour {unknown}
 n - a scroll of fog {unknown}
 p - a scroll of vulnerability {unknown}
 r - a scroll of blinking {unknown}
 t - a scroll of silence {unknown}
 u - a scroll of brand weapon {unknown}
 v - 2 scrolls of teleportation {unknown}
Potions
 b - 2 potions of flight


   Skills:
 + Level 4.5 Fighting
 + Level 4.6 Long Blades
 + Level 4.1 Throwing
 + Level 4.6 Dodging
 + Level 3.1 Shields


You had 6 spell levels left.
You didn't know any spells.
Your spell library contained the following spells:

 Spells                   Type           Power      Damage    Failure   Level
 Gell's Gravitas          Tloc           0%         N/A       99%         3
 Lesser Beckoning         Tloc           0%         N/A       99%         3
 Teleport Other           Tloc           0%         N/A       99%         3


Dungeon Overview and Level Annotations

Branches:
Dungeon (7/15)             Temple (1/1) D:5

Altars:
Ashenzari
Cheibriados
Dithmenos
Elyvilon
Fedhas
Gozag
Hepliaklqana
Kikubaaqudgha
Makhleb
Nemelex Xobeh
Okawaru
Ru
Sif Muna
Trog
Uskayaw
Vehumet
Xom
Yredelemnul
The Shining One

Annotations:
D:7 Grinder, Pikel


Innate Abilities, Weirdness & Mutations

You have sharp toenails.
You are partially covered in thin metallic scales. (AC +2)
You regenerate health from kills.


Message History

You completely miss the orc. Your kick misses the orc. Grinder hits you!
* * * LOW HITPOINT WARNING * * *
Pikel barely misses you.
You riposte.
You closely miss Pikel. Your kick misses Pikel.
Pikel is heavily wounded.
Grinder says, "Are you a fish?" Grinder barely misses you.
As you open the door, it creaks loudly! You block Grinder's attack.
Pikel drinks a potion.
Pikel is healed!
Grinder blinks!
There is an open door here.
You feel better.
You barely miss Pikel. You claw Pikel, but do no damage.
Pikel is moderately wounded.
Something hits you but does no damage. Pikel closely misses you.
You riposte.
You hit Pikel. You claw Pikel, but do no damage.
Pikel is heavily wounded.
Something hits you but does no damage.
You miss Pikel. Your kick misses Pikel.
Pikel is heavily wounded.
Pikel hits you but does no damage. Something hits you but does no damage.
Pikel says, "You'll feel the lick of my whip!"
Pikel closely misses you.
You hit Pikel but do no damage. You claw Pikel.
Pikel is heavily wounded.
Grinder blinks!
Something hits you.
* * * LOW HITPOINT WARNING * * *
Pikel hits you with a +1 whip of freezing.
* * * LOW HITPOINT WARNING * * *
Pikel freezes you.
* * * LOW HITPOINT WARNING * * *
Your scale mail prevents you from hitting Pikel.
You claw Pikel.
Pikel is severely wounded.
Something hits you.
* * * LOW HITPOINT WARNING * * *
Pikel hits you with a +1 whip of freezing.
* * * LOW HITPOINT WARNING * * *
Pikel freezes you.
You die...

#### .###+##..#
.........# . .......@{+
..#+##########K###
...........[.ooo.#
...........<.....######
...........รท...........
.................).....
.......................
....................5..
.......................


You could see Pikel, Grinder and 3 orcs.

Vanquished Creatures
  A water moccasin (D:5)
  A necrophage (D:4)
  3 ogres
  4 lemures (D:7)
  A gnoll sergeant (D:5)
  A scorpion (D:5)
  A jelly (D:4)
  A hound (D:6)
  A centaur skeleton (D:7)
  2 iguanas
  Natasha (thrice) (D:3)
  3 gnolls
  A howler monkey skeleton (D:6)
  9 adders
  2 worms
  An orc (D:7)
  8 ball pythons
  8 endoplasms
  5 giant cockroaches
  6 goblins
  7 hobgoblins
  3 kobolds
  4 quokkas
  5 bats
  4 frilled lizards
  4 rats
89 creatures vanquished.

Notes
Turn   | Place    | Note
-------+----------+-------------------------------------------
     0 | D:1      | Borgoz the Demonspawn Gladiator began the quest for the
                  | Orb.
     0 | D:1      | Reached XP level 1. HP: 16/16 MP: 1/1
   120 | D:1      | Gained mutation: You regenerate a little health from kills.
                  | [demonic ancestry]
   120 | D:1      | Reached XP level 2. HP: 22/22 MP: 2/2
   674 | D:2      | Found a faded altar of an unknown god.
   712 | D:2      | Reached XP level 3. HP: 19/28 MP: 3/3
  1693 | D:3      | Gained mutation: You regenerate health from kills. [demonic
                  | ancestry]
  1693 | D:3      | Reached XP level 4. HP: 27/34 MP: 4/4
  1954 | D:3      | HP: 2/51 [adder (2)]
  2320 | D:3      | Found a shimmering altar of Xom.
  2639 | D:3      | Noticed Natasha
  2645 | D:3      | Killed Natasha
  2646 | D:3      | Reached skill level 1 in Shields
  3053 | D:3      | Noticed Natasha
  3058 | D:3      | Killed Natasha
  3059 | D:3      | Gained mutation: You are partially covered in thin metallic
                  | scales. (AC +2) [demonic ancestry]
  3059 | D:3      | Reached XP level 5. HP: 39/41 MP: 5/5
  3133 | D:3      | Noticed Natasha
  3149 | D:3      | Killed Natasha
  3240 | D:4      | Noticed a necrophage
  3252 | D:4      | Killed a necrophage
  3264 | D:4      | Reached XP level 6. HP: 25/47 MP: 6/6
  4165 | D:4      | Gained mutation: You have sharp toenails. [demonic
                  | ancestry]
  4165 | D:4      | Reached XP level 7. HP: 53/53 MP: 7/7
  4358 | D:5      | Entered Level 5 of the Dungeon
  4365 | D:5      | Found a staircase to the Ecumenical Temple.
  4387 | Temple   | Entered the Ecumenical Temple
  4575 | Temple   | Became a worshipper of Warmaster Okawaru
  6000 | D:6      | Noticed Pikel
  6000 | D:6      | Noticed Grinder
  6674 | D:7      | HP: 2/55 [Pikel (3)]
  6674 | D:7      | Slain by Pikel

Illustrated notes

Levels and vault maps discovered:
D:1:      sevenhm_arrival_forest_fort_large_4, layout_rooms,
          chequers_serial_rivers_micro_b
D:2:      layout_basic, shapermc_ecumenical_altar_mp_ritualfount,
          minmay_pentomino_pile
D:3:      layout_basic, lemuel_tele_altar, uniq_natasha
D:4:      layout_basic, serial_bayou, serial_bayou_pond_e, serial_bayou_pond_c,
          serial_bayou_ford_a, serial_bayou_lagoon_a
D:5:      layout_cave_pools, minmay_temple_entry_mini_moons
D:6:      layout_cave_pools, old_standard_altar, uniq_pikel, uniq_grinder
D:7:      layout_gridville, zin_purify, corexii_item_surrounded_by_moat,
          uniq_prince_ribbit1
Temple:   dpeg_five_rooms_temple

Skill      XL: |  1  2  3  4  5  6  7 |
---------------+----------------------+-----
Throwing       | 2 3 4 |  4.1
Dodging        | 3 4 |  4.6
Long Blades    | 3 4 |  4.6
Shields        | 1 2 3 |  3.1
Fighting       | 3 4 |  4.5

Action                   |  1- 3 |  4- 6 |  7- 9 || total
-------------------------+-------+-------+-------++-------
Melee: Long sword        |   105 |   161 |   144 ||   410
       Kick              |       |       |    58 ||    58
Throw: Throwing net      |       |     2 |     3 ||     5
  Use: Potion            |       |     3 |     5 ||     8
 Stab: Sleeping          |     1 |       |       ||     1
       Held in net/web   |       |     1 |     1 ||     2
Armor: Leather armour    |    39 |       |       ||    39
       Scale mail        |     2 |    64 |    81 ||   147
       Skin              |       |     3 |     6 ||     9
Dodge: Dodged            |    79 |    73 |   102 ||   254
Block: Buckler           |     6 |    28 |    52 ||    86
       Rpst.: Long sword |    27 |    15 |    26 ||    68
